[Event "*** SCC Grand Prix: Titled Tuesday Blitz"]
[Site "Chess.com"]
[Date "2020.07.07"]
[Round "10"]
[White "Gerodot71"]
[Black "googlegoom"]
[Result "1-0"]
[WhiteElo "2415"]
[BlackElo "2517"]
[TimeControl "180+1"]
[EndTime "11:55:08 PDT"]
[Termination "Gerodot71 won by checkmate"]

1. d4 d5 2. c4 c6 3. Nf3 Nf6 4. Nc3 e6 5. e3 Nbd7 6. Be2 Bd6 7. O-O O-O 8. b3 e5 9. dxe5 Nxe5 10. cxd5 cxd5 11.
Nxd5 Nfg4 12. h3 Nxf3+ 13. Bxf3 Nh2 14. Re1 Nxf3+ 15. Qxf3 Be6 16. Nf4 Bc8 17. Bb2 Qg5 18.
Rad1 Bb4 19. Rd5 Qxd5 20. Nxd5 Bxe1 21. Bxg7 Kxg7 22. Qf6+ Kg8 23. Ne7# 1-0

[Event "*** SCC Grand Prix: Titled Tuesday Blitz"]
[Site "Chess.com"]
[Date "2020.07.07"]
[Round "10"]
[White "MoreChessJulia"]
[Black "EnergeticHay"]
[Result "0-1"]
[WhiteElo "1859"]
[BlackElo "2252"]
[TimeControl "180+1"]
[EndTime "11:55:10 PDT"]
[Termination "EnergeticHay won by resignation"]

1. d4 Nf6 2. c4 g6 3. f3 Bg7 4. e4 d6 5. Nc3 O-O 6. Bg5 c5 7.
d5 e6 8. Qd2 exd5 9. cxd5 a6 10. a3 Nbd7 11. Nge2 b5 12. b4 Qc7 13. Rc1 Bb7 14.
Ng3 Rfe8 15. Be2 Rac8 16. O-O Qb6 17. Be3 Ne5 18. h3 a5 19. f4 Nc4 20. Bxc4 bxc4 21. b5 Nd7 22. a4 Re7 23. Qf2 f5 24. Rfe1 Rce8 25. e5 dxe5 26. fxe5 Bxe5 27. Kh1 Qf6 28. Nd1 f4 29. Bxc5 Nxc5 30. Qxc5 fxg3 31. Rxc4 Bd6 0-1

[Event "*** SCC Grand Prix: Titled Tuesday Blitz"]
[Site "Chess.com"]
[Date "2020.07.07"]
[Round "10"]
[White "Ermito2020"]
[Black "francyIM"]
[Result "1-0"]
[WhiteElo "2474"]
[BlackElo "2598"]
[TimeControl "180+1"]
[EndTime "11:55:11 PDT"]
[Termination "Ermito2020 won by resignation"]

1. e4 e5 2. Nf3 Nc6 3. d4 exd4 4. Bc4 Bc5 5. c3 Nf6 6. e5 d5 7. Bb5 Ne4 8. cxd4 Bb6 9. h3 O-O 10. O-O f6 11. Bxc6 bxc6 12. Be3 fxe5 13. Nxe5 Qf6 14. Nc3 Ba6 15. Nxe4 dxe4 16. Nd7 Qf7 17. Nxf8 Bxf1 18. Qxf1 Rxf8 19. b3 Qd5 20. Qc4 Kf7 21. Rc1 Ke6 22. Qxc6+ Qxc6 23. Rxc6+ Kd5 24. Rc4 a5 25. Kf1 Rf6 26.
Ke2 Rc6 27. Rxc6 Kxc6 28. Kd2 Kd5 29. Kc3 c6 30. a4 Bd8 31. Bf4 Bf6 32. Be5 c5 33.
Bxf6 gxf6 34. dxc5 Kxc5 35. g4 h6 36. h4 Kd5 37. b4 1-0

[Event "*** SCC Grand Prix: Titled Tuesday Blitz"]
[Site "Chess.com"]
[Date "2020.07.07"]
[Round "10"]
[White "inegrepus"]
[Black "jonychess03"]
[Result "0-1"]
[WhiteElo "2177"]
[BlackElo "2313"]
[TimeControl "180+1"]
[EndTime "11:55:15 PDT"]
[Termination "jonychess03 won by resignation"]

1. d4 Nf6 2. c4 e6 3. g3 Bb4+ 4. Bd2 Be7 5. Bg2 d5 6. Nf3 O-O 7. O-O dxc4 8. Qc2 a6 9. Qxc4 b5 10. Qc2 Bb7 11. Ba5 Bd6 12. Nbd2 Nc6 13. Nb3 Nxa5 14. Nxa5 Be4 15. Qc3 Rc8 16. Nc6 Qe8 17. Rac1 Nd5 18. Qd2 Nb6 19. Nfe5 Bxg2 20. Kxg2 Nc4 21.
Nxc4 Qxc6+ 22. d5 exd5 23. Na5 Qe8 24. e3 Qe4+ 25. Kg1 Bb4 0-1

[Event "*** SCC Grand Prix: Titled Tuesday Blitz"]
[Site "Chess.com"]
[Date "2020.07.07"]
[Round "10"]
[White "QuintilianoR"]
[Black "Zq1"]
[Result "1-0"]
[WhiteElo "2654"]
[BlackElo "2527"]
[TimeControl "180+1"]
[EndTime "11:55:24 PDT"]
[Termination "QuintilianoR won by resignation"]

1. Nf3 Nf6 2. c4 e6 3. Nc3 d5 4. d4 Be7 5. Bf4 O-O 6. e3 c5 7. dxc5 Bxc5 8. Qc2 Nc6 9. a3 dxc4 10. Bxc4 Qe7 11. O-O h6 12. b4 Bb6 13. Rfd1 e5 14.
Bxh6 e4 15. Nh4 Ne5 16. Bg5 Nxc4 17. Nd5 Qe5 18. Bxf6 gxf6 19. Qxc4 Be6 20. Qxe4 Rfd8 21. Ne7+ Kf8 22. Neg6+ 1-0

[Event "*** SCC Grand Prix: Titled Tuesday Blitz"]
[Site "Chess.com"]
[Date "2020.07.07"]
[Round "10"]
[White "Mbneu"]
[Black "Zarinur"]
[Result "0-1"]
[WhiteElo "2208"]
[BlackElo "2071"]
[TimeControl "180+1"]
[EndTime "11:55:29 PDT"]
[Termination "Zarinur won by resignation"]

1. d4 Nf6 2. c4 e6 3. Nc3 Bb4 4. Bg5 c5 5. d5 exd5 6. cxd5 d6 7. e3 Nbd7 8. Nf3 O-O 9. Bd3 Qa5 10. O-O Bxc3 11. bxc3 Qxc3 12. Rc1 Qa5 13. Bb1 h6 14. Bh4 Qc7 15. Qc2 b6 16. g4 Bb7 17. Rfd1 g6 18. g5 hxg5 19. Nxg5 Bxd5 20. Rxd5 Nxd5 21.
Qe4 N5f6 22. Qg2 Ne5 23. Qh3 Qd7 24. Rd1 Qxh3 25. Nxh3 Nf3+ 0-1

[Event "*** SCC Grand Prix: Titled Tuesday Blitz"]
[Site "Chess.com"]
[Date "2020.07.07"]
[Round "10"]
[White "Malysch"]
[Black "Danfii"]
[Result "1-0"]
[WhiteElo "2472"]
[BlackElo "2345"]
[TimeControl "180+1"]
[EndTime "11:55:32 PDT"]
[Termination "Malysch won by resignation"]

1. d4 Nf6 2. c4 e6 3. g3 c5 4. d5 exd5 5. cxd5 d6 6. Nc3 g6 7.
Bg2 Bg7 8. Nf3 O-O 9. O-O Re8 10. Nd2 Nbd7 11. h3 a6 12. a4 Rb8 13. Nc4 Qc7 14. a5 b5 15. axb6 Nxb6 16. Na5 Bd7 17. Qc2 h5 18. Rd1 Nc8 19. Bf4 Nh7 20. Nc6 Ra8 21. Nb5 axb5 22. Rxa8 Nf6 23. Qxc5 g5 24. Ne7+ 1-0

[Event "*** SCC Grand Prix: Titled Tuesday Blitz"]
[Site "Chess.com"]
[Date "2020.07.07"]
[Round "10"]
[White "BJthechessgod"]
[Black "HanSchut"]
[Result "1-0"]
[WhiteElo "2355"]
[BlackElo "2307"]
[TimeControl "180+1"]
[EndTime "11:55:34 PDT"]
[Termination "BJthechessgod won by resignation"]

1. e4 c5 2. Nf3 d6 3. Bb5+ Nd7 4.
Ba4 Nf6 5. O-O Nxe4 6. Re1 d5 7. c4 Nf6 8. d4 e6 9. cxd5 Nxd5 10. dxc5 Bxc5 11.
Qxd5 Bb4 12. Bd2 O-O 13. Qg5 Be7 14. Qg3 Nc5 15. Bc2 Bd7 16. Nc3 Rc8 17. Rad1 Qb6 18.
Qh3 g6 19. Bg5 f6 20. Bh6 Rf7 21. Bc1 e5 22. Rxd7 1-0

[Event "*** SCC Grand Prix: Titled Tuesday Blitz"]
[Site "Chess.com"]
[Date "2020.07.07"]
[Round "10"]
[White "2346PL"]
[Black "sri5996"]
[Result "1-0"]
[WhiteElo "2413"]
[BlackElo "2289"]
[TimeControl "180+1"]
[EndTime "11:55:46 PDT"]
[Termination "2346PL won by checkmate"]

1. d4 Nf6 2. Bg5 Ne4 3. Bf4 d5 4. e3 c5 5. Bd3 Nf6 6. c3 Nc6 7.
Nf3 Bg4 8. Nbd2 e6 9. h3 Bh5 10. O-O Rc8 11. Rc1 Bd6 12. Bxd6 Qxd6 13. dxc5 Qxc5 14.
Be2 O-O 15. c4 Rfd8 16. Qa4 Qe7 17. c5 a6 18. b4 d4 19. exd4 Nxd4 20. Nxd4 Rxd4 21.
Bxh5 Nxh5 22. Nf3 Rd3 23. c6 bxc6 24. Rxc6 Rcd8 25. Rxa6 Rxf3 26. gxf3 Qg5+ 27. Kh1 Qh4 28. Ra8 Nf4 29. Qe8+ Rxe8 30. Rxe8# 1-0

[Event "*** SCC Grand Prix: Titled Tuesday Blitz"]
[Site "Chess.com"]
[Date "2020.07.07"]
[Round "10"]
[White "ClassyEl"]
[Black "diablanni"]
[Result "1-0"]
[WhiteElo "2460"]
[BlackElo "2308"]
[TimeControl "180+1"]
[EndTime "11:55:54 PDT"]
[Termination "ClassyEl won by resignation"]

1. d4 Nf6 2. Bg5 Ne4 3. Bf4 d5 4. e3 c5 5. Bd3 cxd4 6. exd4 Nc6 7. Bxe4 dxe4 8. d5 e5 9. Bg3 Ne7 10. Nc3 Ng6 11. h4 Bb4 12. Ne2 Bg4 13. h5 Nf4 14.
Bxf4 exf4 15. Qd4 Qe7 16. Qxg7 Bxe2 17. Qxh8+ Kd7 18. Qxa8 Ba6 19. Qh8 f6 20. d6 Qf7 21.
h6 Qc4 22. Qg7+ Ke6 23. Qg8+ 1-0

[Event "*** SCC Grand Prix: Titled Tuesday Blitz"]
[Site "Chess.com"]
[Date "2020.07.07"]
[Round "10"]
[White "MestreSoares"]
[Black "YellowJacek"]
[Result "1-0"]
[WhiteElo "2141"]
[BlackElo "2243"]
[TimeControl "180+1"]
[EndTime "11:55:56 PDT"]
[Termination "MestreSoares won by resignation"]

1. Nf3 c5 2. b3 Nc6 3. Bb2 Nf6 4. e3 g6 5. Be2 Bg7 6. O-O O-O 7. d4 cxd4 8. Nxd4 d5 9. c4 dxc4 10. Nxc6 bxc6 11.
Bxc4 Qc7 12. Nc3 Rd8 13. Qc1 Bf5 14. Ne2 e5 15. Ng3 Bc8 16. Rd1 Bb7 17. Qc2 Qe7 18.
Rxd8+ Rxd8 19. Rd1 Nd5 20. a3 h5 21. e4 Nf4 22.
Rxd8+ Qxd8 23. Ne2 Qg5 24. Nxf4 exf4 25. f3 Qc5+ 26.
Kf1 h4 27. Bxf7+ 1-0

[Event "*** SCC Grand Prix: Titled Tuesday Blitz"]
[Site "Chess.com"]
[Date "2020.07.07"]
[Round "10"]
[White "swimmerchess"]
[Black "Konavets"]
[Result "0-1"]
[WhiteElo "2810"]
[BlackElo "2960"]
[TimeControl "180+1"]
[EndTime "11:55:58 PDT"]
[Termination "Konavets won by resignation"]

1. e4 c5 2. Nf3 d6 3. d4 cxd4 4. Nxd4 Nf6 5. Nc3 a6 6. Bg5 Nbd7 7. Qe2 Qc7 8. O-O-O g6 9. f4 Bg7 10. Nf3 h6 11.
Bxf6 Bxf6 12. Nd5 Qa5 13. Kb1 Bg7 14. e5 dxe5 15. fxe5 e6 16. Ne3 Nxe5 17. Nxe5 Qxe5 18.
c3 O-O 19. Qf3 Rb8 20. Bd3 b5 21. Rhe1 Bb7 22. Qh3 Qc5 23. Nc2 a5 24. a3 Bd5 25.
Be4 Bb3 26. Rd7 Rbd8 27. Qd3 Rxd7 28. Qxd7 Qf2 29. Rd1 b4 30. axb4 axb4 31. cxb4 Qf6 0-1

[Event "*** SCC Grand Prix: Titled Tuesday Blitz"]
[Site "Chess.com"]
[Date "2020.07.07"]
[Round "10"]
[White "Julianos82"]
[Black "Andrii_Prydun"]
[Result "0-1"]
[WhiteElo "2264"]
[BlackElo "2401"]
[TimeControl "180+1"]
[EndTime "11:55:58 PDT"]
[Termination "Andrii_Prydun won by resignation"]

1. d4 d5 2. Bf4 Nf6 3. e3 g6 4.
Nf3 Bg7 5. h4 h5 6. c4 c6 7. Nc3 O-O 8. Rc1 Bg4 9. Qc2 Bxf3 10. gxf3 Nbd7 11. Rg1 c5 12. Nxd5 Nxd5 13. cxd5 cxd4 14.
Bd3 Rc8 15. Qxc8 Qxc8 16. Rxc8 Rxc8 17. e4 Bf6 18. Rh1 Be5 19. Bd2 Nc5 20. Ke2 Na4 21.
Rb1 Bf6 22. Bg5 Bxg5 23. hxg5 a6 24. f4 Kg7 25. Kd2 Rc7 26. Rc1 Rxc1 27. Kxc1 Nc5 28. Kd2 Nxd3 29. Kxd3 h4 30. e5 h3 31. d6 exd6 32.
exd6 Kf8 0-1

[Event "*** SCC Grand Prix: Titled Tuesday Blitz"]
[Site "Chess.com"]
[Date "2020.07.07"]
[Round "10"]
[White "AwareIdea"]
[Black "abykhovsky"]
[Result "0-1"]
[WhiteElo "2477"]
[BlackElo "2678"]
[TimeControl "180+1"]
[EndTime "11:56:05 PDT"]
[Termination "abykhovsky won by checkmate"]

1. d4 Nf6 2. c4 c5 3. d5 b5 4.
cxb5 a6 5. f3 axb5 6. e4 e6 7.
Bxb5 c4 8. dxe6 fxe6 9. Nc3 Qb6 10. Nge2 Nc6 11. Bxc4 Bc5 12. Bf4 O-O 13. Qd2 Kh8 14.
Rd1 d5 15. exd5 exd5 16. Nxd5 Nxd5 17. Bxd5 Ba6 18. Nc3 Rae8+ 19. Be4 Nb4 20. Qc1 Bf2+ 21. Kd2 Qd4+ 22. Bd3 Qxd3# 0-1

[Event "*** SCC Grand Prix: Titled Tuesday Blitz"]
[Site "Chess.com"]
[Date "2020.07.07"]
[Round "10"]
[White "grandcoach"]
[Black "HarryCun"]
[Result "1-0"]
[WhiteElo "2118"]
[BlackElo "2160"]
[TimeControl "180+1"]
[EndTime "11:56:05 PDT"]
[Termination "grandcoach won by resignation"]

1. e4 c6 2. d4 d5 3. e5 Bf5 4.
Nf3 e6 5. Be2 Nd7 6. O-O Ne7 7.
Nbd2 c5 8. c4 Nc6 9. cxd5 exd5 10.
Re1 cxd4 11. Nb3 d3 12. Bxd3 Bxd3 13. Qxd3 Nc5 14. Qb5 Nxb3 15. axb3 Qc7 16. e6 f6 17. Bf4 Bd6 18. Bxd6 Qxd6 19. Qxb7 Rb8 20. Qf7+ Kd8 21. Qxg7 Rf8 22. e7+ Nxe7 1-0

[Event "*** SCC Grand Prix: Titled Tuesday Blitz"]
[Site "Chess.com"]
[Date "2020.07.07"]
[Round "10"]
[White "Khazieva_Elza"]
[Black "GAusal"]
[Result "1-0"]
[WhiteElo "2279"]
[BlackElo "2081"]
[TimeControl "180+1"]
[EndTime "11:56:06 PDT"]
[Termination "Khazieva_Elza won by checkmate"]

1. e4 e5 2. Nf3 f5 3. d3 d6 4. Nc3 Nc6 5. g3 Nf6 6. Bg2 Be7 7. exf5 Bxf5 8. d4 e4 9. Nh4 Bg4 10. f3 exf3 11. Bxf3 Qd7 12. O-O O-O 13. Bg5 d5 14. Bxf6 Bxf3 15. Qxf3 Bxf6 16. Qxd5+ Qxd5 17. Nxd5 Bxd4+ 18. Kg2 Rae8 19. c3 Re2+ 20. Kh1 Be5 21. Rxf8+ Kxf8 22.
Rf1+ Kg8 23. Nf5 Rxb2 24. Nfe7+ Nxe7 25. Nxe7+ Kh8 26. Rf8# 1-0

[Event "*** SCC Grand Prix: Titled Tuesday Blitz"]
[Site "Chess.com"]
[Date "2020.07.07"]
[Round "10"]
[White "jocmil"]
[Black "124chess"]
[Result "1/2-1/2"]
[WhiteElo "2492"]
[BlackElo "2682"]
[TimeControl "180+1"]
[EndTime "11:56:07 PDT"]
[Termination "Game drawn by repetition"]

1. d4 e6 2. Nf3 d5 3. Bf4 c5 4. c3 Nc6 5. e3 Nf6 6. h3 Bd6 7. Ne5 O-O 8. Nd2 Qc7 9. Ndf3 Nd7 10. Nxd7 Bxd7 11. Bxd6 Qxd6 12. Bd3 e5 13. dxe5 Nxe5 14.
Nxe5 Qxe5 15. O-O Bc6 16. Re1 h6 17. Qg4 Rad8 18. Rad1 Rfe8 19. Qf5 Qxf5 20. Bxf5 Kf8 21. f3 Ke7 22. Kf2 Kf6 23. Bc2 b6 24. g4 Rd7 25. e4 dxe4 26. Rxd7 Bxd7 27. Rxe4 Rxe4 28.
Bxe4 Ke5 29. Ke3 g5 30. a3 a5 31. Bd3 f6 32. Be2 f5 33. Bd3 f4+ 34. Kd2 h5 35.
Be2 h4 36. Bd3 b5 37. Be2 b4 38. Bd3 Bc6 39. Be2 Bd5 40. Kd3 Bb7 41. Kd2 Bc6 42. Kc2 Be8 43. Kd2 Bg6 44. Kd1 Kd5 45. Kd2 c4 46. cxb4 axb4 47. axb4 Kd4 48. b5 Be8 49. b6 Bc6 50. Bd1 Bd5 51. Be2 Kc5 52. Kc3 Kxb6 53. Kd4 Kc6 54. Kc3 Kc5 55. Bd1 Be6 56. Be2 Bf7 57. Bf1 Bd5 58. Be2 Bg8 59. Bf1 Be6 60. Be2 Bd5 61. Bd1 Kb5 62. Be2 Kc5 1/2-1/2

[Event "*** SCC Grand Prix: Titled Tuesday Blitz"]
[Site "Chess.com"]
[Date "2020.07.07"]
[Round "10"]
[White "DonPreuss"]
[Black "yuliagok"]
[Result "1-0"]
[WhiteElo "2180"]
[BlackElo "2103"]
[TimeControl "180+1"]
[EndTime "11:56:07 PDT"]
[Termination "DonPreuss won by resignation"]

1. d4 Nf6 2. Nc3 e6 3. e4 d5 4. exd5 exd5 5. Bd3 Be7 6. Nge2 O-O 7. O-O Bg4 8. f3 Bh5 9. Ng3 Bg6 10. f4 Bxd3 11. Qxd3 c5 12. dxc5 Bxc5+ 13. Kh1 Nc6 14. f5 Ne5 15. Qd1 Neg4 16. Qf3 Re8 17. Bg5 h6 18. Bxf6 Nxf6 19. Rad1 Re3 20. Qf4 Nh5 21. Nxh5 d4 22. Ne4 Bb6 23. Qg4 Qf8 24. Nef6+ Kh8 25. Nd7 Qg8 26. Nxb6 axb6 27. a3 Rd8 28. Rxd4 Rxd4 29.
Qxd4 Re2 30. h3 f6 31. Nf4 Rxc2 32. Ng6+ Kh7 33. Rd1 Rc8 34. Qd7 1-0

[Event "*** SCC Grand Prix: Titled Tuesday Blitz"]
[Site "Chess.com"]
[Date "2020.07.07"]
[Round "10"]
[White "VladaSviridova"]
[Black "gagtemp"]
[Result "1/2-1/2"]
[WhiteElo "2122"]
[BlackElo "1910"]
[TimeControl "180+1"]
[EndTime "11:56:10 PDT"]
[Termination "Game drawn by repetition"]

1. d4 d5 2. c4 e6 3. Nf3 c5 4. cxd5 exd5 5. g3 Nc6 6. Bg2 Nf6 7. O-O Be7 8. Nc3 O-O 9. dxc5 Bxc5 10. a3 d4 11. Na4 Be7 12. b4 Bg4 13. h3 Bxf3 14. Bxf3 Rc8 15. Nb2 Ne5 16. Bg2 b6 17. Bf4 Nc4 18.
Nxc4 Rxc4 19. Rc1 Rxc1 20. Qxc1 Nd5 21. Bxd5 Qxd5 22. Qc7 Bf6 23. Rd1 Qa2 24. Qxa7 Qxe2 25. Rf1 d3 26. Qxb6 d2 27. Bxd2 Qxd2 28. a4 Bd4 29.
Qb7 h6 30. a5 Re8 31. a6 Re1 32. Qc8+ Kh7 33. Qf5+ Kg8 34. Qc8+ Kh7 35. Qf5+ Kg8 36. Qc8+ 1/2-1/2

[Event "*** SCC Grand Prix: Titled Tuesday Blitz"]
[Site "Chess.com"]
[Date "2020.07.07"]
[Round "10"]
[White "j2806"]
[Black "Evachess2006"]
[Result "1-0"]
[WhiteElo "2030"]
[BlackElo "1614"]
[TimeControl "180+1"]
[EndTime "11:56:11 PDT"]
[Termination "j2806 won on time"]

1. e4 e5 2. Nf3 Nc6 3. Bb5 a6 4. Ba4 Nf6 5. d3 b5 6. Bb3 Be7 7. O-O O-O 8. c3 d5 9. exd5 Nxd5 10. h3 Be6 11. Re1 f6 12. d4 Bd6 13. dxe5 Bxe5 14. Nxe5 Nxe5 15. f4 Nxf4 16. Bxf4 Bxb3 17. Qxb3+ Nc4 18. Nd2 Qd5 19. Nxc4 bxc4 20. Qc2 Qc5+ 21. Be3 Qc6 22. Rad1 Rae8 23. Bf2 Re2 24. Rxe2 1-0

[Event "*** SCC Grand Prix: Titled Tuesday Blitz"]
[Site "Chess.com"]
[Date "2020.07.07"]
[Round "10"]
[White "gumimis"]
[Black "whodee11"]
[Result "1-0"]
[WhiteElo "2194"]
[BlackElo "2308"]
[TimeControl "180+1"]
[EndTime "11:56:14 PDT"]
[Termination "gumimis won by resignation"]

1. e4 c5 2. Nf3 Nc6 3. d4 cxd4 4. Nxd4 e5 5. Nb5 d6 6. a4 Be6 7. N1c3 a6 8. Na3 Nb4 9. Nc4 Rc8 10. Ne3 Nf6 11. Bd3 Be7 12. O-O O-O 13. Qe2 d5 14. exd5 Nfxd5 15. Nexd5 Nxd5 16. Qxe5 Nxc3 17. bxc3 Bf6 18.
Qe4 g6 19. Qxb7 a5 20. Bh6 Re8 21. Bb5 Re7 22. Qf3 Rec7 23. Rad1 Qe7 24. c4 Bxc4 25. Bxc4 Rxc4 26. Rfe1 Be5 27. Qe3 R8c5 28. Qxe5 Rxe5 29. Rxe5 1-0

[Event "*** SCC Grand Prix: Titled Tuesday Blitz"]
[Site "Chess.com"]
[Date "2020.07.07"]
[Round "10"]
[White "Matveev_Vladimir"]
[Black "DenLaz"]
[Result "0-1"]
[WhiteElo "2555"]
[BlackElo "2702"]
[TimeControl "180+1"]
[EndTime "11:56:15 PDT"]
[Termination "DenLaz won by resignation"]

1. d4 d5 2. c4 c6 3. Nf3 Nf6 4. Qc2 g6 5. Bf4 Bg7 6. e3 O-O 7. Nc3 Bf5 8. Qb3 Qb6 9. h3 Nbd7 10. c5 Qxb3 11. axb3 Ne4 12. b4 a6 13. Be2 Rfe8 14.
Ne5 Nxe5 15. Bxe5 f6 16. Bh2 e5 17. Nxe4 Bxe4 18. dxe5 Bxg2 19. exf6 Bxf6 20. Rg1 Bxh3 21.
O-O-O Re4 22. Bd6 Rxb4 23. Rd2 a5 24. Rh1 Bf5 25. Bd3 Bxd3 26. Rxd3 Rxb2 27. Be7 Bg7 28. f4 Ra2 29. Rh3 a4 30. Rg3 Kf7 31. Bd6 a3 0-1

[Event "*** SCC Grand Prix: Titled Tuesday Blitz"]
[Site "Chess.com"]
[Date "2020.07.07"]
[Round "10"]
[White "tan275"]
[Black "NowInChess"]
[Result "1-0"]
[WhiteElo "2270"]
[BlackElo "2134"]
[TimeControl "180+1"]
[EndTime "11:56:18 PDT"]
[Termination "tan275 won by resignation"]

1. d4 e6 2. c4 Nf6 3. Nc3 Bb4 4. Nf3 Nc6 5. e3 d6 6. Bd3 Bxc3+ 7. bxc3 O-O 8. e4 e5 9. d5 Na5 10. O-O b6 11. Bg5 h6 12. Bh4 Ba6 13. Qe2 g5 14.
Bg3 Nh5 15. Nd2 Nf4 16. Bxf4 exf4 17. e5 dxe5 18. Qxe5 Bc8 19. d6 f6 20. Qe4 f5 21.
Qxa8 Qxd6 22. Qd5+ 1-0

[Event "*** SCC Grand Prix: Titled Tuesday Blitz"]
[Site "Chess.com"]
[Date "2020.07.07"]
[Round "10"]
[White "nocnypako"]
[Black "GGfrances"]
[Result "0-1"]
[WhiteElo "2569"]
[BlackElo "2380"]
[TimeControl "180+1"]
[EndTime "11:56:20 PDT"]
[Termination "GGfrances won by resignation"]

1. d4 Nf6 2. c4 g6 3. Nc3 Bg7 4. e4 d6 5. Nf3 O-O 6. Be2 e5 7. O-O Nc6 8. d5 Ne7 9. Ne1 Nd7 10. Be3 f5 11. f3 f4 12. Bf2 g5 13. b4 Nf6 14. c5 Ng6 15. c6 b6 16. a4 a6 17.
g4 h5 18. h3 Kf7 19. Kg2 Nh4+ 20. Bxh4 gxh4 21. Nd3 hxg4 22. hxg4 h3+ 23. Kxh3 Rh8+ 24. Kg2 Nxg4 25. fxg4 Qh4 26. Nxf4 Qh2+ 27. Kf3 exf4 28. e5 Rh3+ 29. Ke4 Re3+ 0-1

[Event "*** SCC Grand Prix: Titled Tuesday Blitz"]
[Site "Chess.com"]
[Date "2020.07.07"]
[Round "10"]
[White "rasmussvane"]
[Black "PSvidler"]
[Result "1-0"]
[WhiteElo "2892"]
[BlackElo "2975"]
[TimeControl "180+1"]
[EndTime "11:56:21 PDT"]
[Termination "rasmussvane won by resignation"]

1. Nf3 g6 2. d4 Bg7 3. e4 d6 4.
Bd3 Nf6 5. O-O O-O 6. c3 c5 7. h3 Qc7 8. Be3 b6 9. Nbd2 Bb7 10.
Re1 Nbd7 11. Qe2 a6 12. a4 e6 13. Bf4 e5 14. dxe5 Nxe5 15. Nxe5 dxe5 16. Bh2 Nh5 17. Bc4 Nf4 18. Bxf4 exf4 19. Bd5 Bxd5 20. exd5 Rfd8 21.
Qf3 Qb7 22. Nc4 b5 23. Na5 Qc7 24. Nc6 Re8 25. axb5 axb5 26. Rxa8 Rxa8 27. d6 1-0

[Event "*** SCC Grand Prix: Titled Tuesday Blitz"]
[Site "Chess.com"]
[Date "2020.07.07"]
[Round "10"]
[White "Varshi_chess"]
[Black "IMKarimIsmael"]
[Result "1-0"]
[WhiteElo "2309"]
[BlackElo "2394"]
[TimeControl "180+1"]
[EndTime "11:56:21 PDT"]
[Termination "Varshi_chess won by resignation"]

1. e4 e5 2. Nf3 Nf6 3. Nxe5 Nxe4 4. Qe2 Qe7 5. Qxe4 d6 6. d4 dxe5 7. dxe5 Nc6 8. Bb5 Bd7 9. O-O O-O-O 10. Bf4 Nxe5 11.
Qxe5 Bxb5 12. Qxb5 h5 13. Nc3 a6 14. Qf5+ Qd7 15.
Qxd7+ Rxd7 16. Rad1 Bb4 17. Rxd7 Kxd7 18. Rd1+ Kc6 19.
g3 Re8 20. Kf1 f6 21. h4 Bxc3 22. bxc3 Re4 23. Rd4 Re6 24. Rc4+ Kb5 25. Rxc7 1-0

[Event "*** SCC Grand Prix: Titled Tuesday Blitz"]
[Site "Chess.com"]
[Date "2020.07.07"]
[Round "10"]
[White "pavelalexandru07"]
[Black "ferdipy"]
[Result "1-0"]
[WhiteElo "2203"]
[BlackElo "2361"]
[TimeControl "180+1"]
[EndTime "11:56:21 PDT"]
[Termination "pavelalexandru07 won by checkmate"]

1. e4 c5 2. Nf3 Nc6 3. d4 cxd4 4. Nxd4 Nf6 5. Nc3 e5 6. Ndb5 d6 7. Bg5 a6 8. Na3 b5 9. Bxf6 gxf6 10. Nd5 Bg7 11. c3 Be6 12. Nc2 Ne7 13. Nce3 Nxd5 14. Nxd5 f5 15. exf5 Bxf5 16. Be2 O-O 17. O-O Be6 18. a4 bxa4 19. Rxa4 a5 20. Qd2 Kh8 21. Rd1 Rb8 22. Raa1 f5 23. Bc4 Qc8 24. b3 Rd8 25.
Rxa5 e4 26. Ra7 Qc5 27. Rc7 Qa5 28. Rxg7 Kxg7 29. Qg5+ Kh8 30. Qf6+ Kg8 31. Ne7# 1-0

[Event "*** SCC Grand Prix: Titled Tuesday Blitz"]
[Site "Chess.com"]
[Date "2020.07.07"]
[Round "10"]
[White "MrTattaglia"]
[Black "JonahWillow"]
[Result "1-0"]
[WhiteElo "2922"]
[BlackElo "2701"]
[TimeControl "180+1"]
[EndTime "11:56:22 PDT"]
[Termination "MrTattaglia won by resignation"]

1. Nf3 c5 2. g3 Nc6 3. Bg2 g6 4. O-O Bg7 5. c4 e6 6. Nc3 Nge7 7. a3 O-O 8. Rb1 d5 9. d3 b6 10. Bd2 a5 11. Nb5 Bb7 12. Bf4 e5 13. cxd5 exf4 14. dxc6 Bxc6 15. Nc3 fxg3 16. hxg3 Nf5 17. Nd2 Bxg2 18.
Kxg2 Nd4 19. a4 Re8 20. e3 Nc6 21. Nc4 Nb4 22. Nb5 Qd7 23. Qf3 Rab8 24. Rbd1 Red8 25.
b3 Qd5 26. d4 Qxf3+ 27. Kxf3 cxd4 28. exd4 Rd5 29. Rd2 f5 30. Re1 Kf8 31. Re6 Bh6 32. Rd1 Nc2 33. Rxb6 Rbd8 34. Rb7 Bg7 35. Nb6 Nxd4+ 36.
Kg2 1-0

[Event "*** SCC Grand Prix: Titled Tuesday Blitz"]
[Site "Chess.com"]
[Date "2020.07.07"]
[Round "10"]
[White "EfM13"]
[Black "Angel_Hranitel_37"]
[Result "0-1"]
[WhiteElo "2213"]
[BlackElo "2384"]
[TimeControl "180+1"]
[EndTime "11:56:22 PDT"]
[Termination "Angel_Hranitel_37 won by resignation"]

1. e4 c5 2. c3 e6 3. d4 d5 4. Bd3 dxe4 5. Bxe4 Nf6 6. Bf3 Be7 7. Ne2 O-O 8. O-O Nc6 9. dxc5 Bxc5 10. Bg5 Qb6 11. Bxf6 gxf6 12. Qc2 Ne5 13. Bh5 Bd7 14. Nd2 Bc6 15.
b4 Be7 16. a4 f5 17. Nd4 a6 18. f4 Ng6 19. Nc4 Qc7 20. Nxc6 Qxc6 21. Na5 Qc7 22. Bxg6 hxg6 23. Qb3 Rac8 24. Qb2 b6 25. Nb3 Qxc3 26. Qxc3 Rxc3 27. Rab1 Bxb4 28. h3 Rd8 29. Kh2 a5 30. Nc1 Rd2 31. Re1 Rcc2 32. Rg1 Bc5 0-1

[Event "*** SCC Grand Prix: Titled Tuesday Blitz"]
[Site "Chess.com"]
[Date "2020.07.07"]
[Round "10"]
[White "Chernobay_Artem"]
[Black "Korona_91"]
[Result "1-0"]
[WhiteElo "2630"]
[BlackElo "2483"]
[TimeControl "180+1"]
[EndTime "11:56:23 PDT"]
[Termination "Chernobay_Artem won by resignation"]

1. d4 g6 2. c4 Bg7 3. Nc3 d6 4.
e4 e5 5. Nf3 exd4 6. Nxd4 Nc6 7.
Be3 Nf6 8. Be2 O-O 9. O-O Re8 10. f3 Bd7 11. Qd2 a5 12. Rad1 Nh5 13. f4 Nf6 14.
Bf3 Nxd4 15. Bxd4 Bc6 16. Rde1 Qd7 17. Nd5 Bxd5 18. cxd5 Re7 19. e5 dxe5 20. fxe5 Nxd5 21. Bc5 c6 22. Bxe7 Qxe7 23. Bxd5 cxd5 24. Qxd5 Rd8 25. Rxf7 Rxd5 26. Rxe7 Kf8 27. Rxb7 Bxe5 28. Re2 Bd4+ 29. Kf1 Rc5 30. Rd2 Bf6 31. Rd6 Rf5+ 32. Ke2 h5 33. Rc6 Ke8 34. Rc8+ Bd8 35. Rbb8 Re5+ 36.
Kd3 Rd5+ 37. Kc4 Rd1 38. Rxd8+ Rxd8 39. Rxd8+ Kxd8 40. Kb5 1-0

[Event "*** SCC Grand Prix: Titled Tuesday Blitz"]
[Site "Chess.com"]
[Date "2020.07.07"]
[Round "10"]
[White "ErikBlomqvist"]
[Black "vpsetter"]
[Result "0-1"]
[WhiteElo "2508"]
[BlackElo "2644"]
[TimeControl "180+1"]
[EndTime "11:56:25 PDT"]
[Termination "vpsetter won by resignation"]

1. e4 e5 2. Nf3 Nc6 3. Bb5 Nf6 4. O-O Nxe4 5. Re1 Nd6 6. Nxe5 Nxe5 7. Rxe5+ Be7 8. Bf1 O-O 9. d4 Bf6 10. Re1 Re8 11. Bf4 Rxe1 12. Qxe1 Bxd4 13. Bxd6 cxd6 14. c3 Bf6 15. Na3 d5 16. Nb5 d4 17. Nc7 Rb8 18. Nd5 dxc3 19. Nxf6+ gxf6 20. Qxc3 d6 21. Rd1 Be6 22. Rd3 Bf5 23. Rf3 Bg6 24. Rxf6 d5 25. Qe5 Rc8 26. Rd6 Qh4 27. Qxd5 Rc2 28. Rd8+ Kg7 29.
Qe5+ Kh6 30. Qe3+ Qg5 31. f4 Qxd8 0-1